 Dungeon Crawl Stone Soup version 0.23-a0-407-g92528d7 (webtiles) character file.

28 Dmuffinman the Grasshopper (level 3, 0/29 HPs)
             Began as a Draconian Warper on Nov 8, 2018.
             Slain by an adder (4 damage)
             ... on level 3 of the Dungeon.
             The game lasted 00:13:07 (1086 turns).

Dmuffinman the Grasshopper (Draconian Warper)       Turns: 1086, Time: 00:13:08

Health: 0/29       AC:  6    Str: 12 (13) XL:     3   Next: 0%
Magic:  5/6        EV: 12    Int: 13 (14) God:
Gold:   4          SH:  0    Dex:  8 (10) Spells: 4/6 levels left

rFire    . . .     SeeInvis .   a - +0 falchion
rCold    . . .     Gourm    .   (no shield)
rNeg     . . .     Faith    .   (armour unavailable)
rPois    .         Spirit   .   (helmet restricted)
rElec    .         Reflect  .   e - +0 cloak
rCorr    .         Harm     .   (no gloves)
MR       .....                  (no boots)
Stlth    +.........             (no amulet)
HPRegen  0.09/turn              (no ring)
MPRegen  0.10/turn              (no ring)

@: lethally poisoned (0 -> -2)
A: unfitting armour, cold-blooded, AC +5
a: no special abilities


You were on level 3 of the Dungeon.
You were not hungry.

You visited 1 branch of the dungeon, and saw 3 of its levels.

You collected 4 gold pieces.

Inventory:

Hand Weapons
 a - a +0 falchion (weapon)
Missiles
 d - 5 tomahawks of dispersal (quivered)
Armour
 e - a +0 cloak (worn)
Scrolls
 b - 2 scrolls of remove curse {unknown}
 c - a scroll of blinking
 i - a scroll of teleportation {unknown}
Comestibles
 f - 2 rations
 h - 3 chunks of flesh


   Skills:
 + Level 2.2 Fighting
 * Level 2.6 Long Blades
 + Level 1.1 Throwing
 + Level 2.5 Dodging
 + Level 2.2 Spellcasting
 + Level 3.1 Translocations


You had 4 spell levels left.
You knew the following spells:

 Your Spells              Type           Power        Failure   Level  Hunger
a - Blink                 Tloc           N/A          11%         2    ###....

Your spell library contained the following spells:

 Spells                   Type           Power        Failure   Level  Hunger
 Shroud of Golubria       Chrm/Tloc      #.........   21%         2    ###....
 Gell's Gravitas          Tloc           #.........   21%         3    ####...
 Lesser Beckoning         Tloc           #.........   21%         3    ####...
 Teleport Other           Tloc           #.......     21%         3    ####...
 Corona                   Hex            #......      26%         1    ##.....
 Ensorcelled Hibernation  Hex/Ice        #.....       36%         2    ###....
 Passage of Golubria      Tloc           N/A          56%         4    #####..
 Confuse                  Hex            #.......     58%         3    ####...
 Dazzling Spray           Conj/Hex       #.....       58%         3    ####...
 Tukima's Dance           Hex            #.......     58%         3    ####...


Dungeon Overview and Level Annotations

Branches:
Dungeon (3/15)

Altars:
Okawaru


Innate Abilities, Weirdness & Mutations

Your plain brown scales are hard. (AC +5)
You cannot fit into any form of body armour.
You are cold-blooded and may be slowed by cold attacks.


Message History

* * * LOW HITPOINT WARNING * * *
The adder bites you but does no damage.
The goblin shoots a stone.
The stone completely misses you.
It was a potion of degeneration.
There was something very wrong with that liquid.
You feel weakened.
You feel dopey.
You feel clumsy.
The adder misses you. x2; The adder bites you but does no damage.
You feel sick.
Found a pair of boots.
The adder bites you but does no damage. The adder barely misses you.
Okay, then.
The adder closely misses you.
You feel sick. The adder closely misses you.
You riposte.
You closely miss the adder.
You feel sick.
The goblin shoots a stone.
The stone hits you but does no damage.
You see here a stone.
The adder misses you.
You feel sick. The adder bites you.
You die...

......#..(####....
......#(g.##...# .
#..#....######
#.###........#
####.###....###..
#.........#...###
#.........###...#
#......g..#####.###
#........g(gSS@...####
.#
#.........######.....#.#
#.........# ##<.....#
#.........# ##....##
####......# #........
#.###### #...##### #.
##### #


You could see 2 adders, a hobgoblin and 2 goblins.

Vanquished Creatures
  2 dart slugs (D:1)
  A leopard gecko (D:1)
  2 giant cockroaches (D:1)
  2 goblins (D:1)
  5 hobgoblins (D:1)
  2 bats (D:2)
  3 kobolds
  5 rats
22 creatures vanquished.

Notes
Turn   | Place    | Note
-------+----------+-------------------------------------------
     0 | D:1      | Dmuffinman the Draconian Warper began the quest for the
                  | Orb.
     0 | D:1      | Reached XP level 1. HP: 17/17 MP: 3/3
    66 | D:1      | Reached skill level 1 in Throwing
   212 | D:1      | Reached XP level 2. HP: 24/24 MP: 5/5
   451 | D:1      | Learned a level 2 spell: Blink
   727 | D:2      | Found an iron altar of Okawaru.
   945 | D:1      | Reached XP level 3. HP: 22/29 MP: 6/6
  1086 | D:3      | Slain by an adder

Vault maps used:
D:1:      zaba_arrival_water
D:2:      okawaru_ov_weapons_minmay, minmay_pentomino_q2
D:3:      cheibrodos_sewer_entry_bend, serial_curves, eino_curves_01,
          eino_curves_03, grunt_decor_arrowhead

Skill      XL: |  1 |
---------------+----+-----
Throwing       | 1 |  1.1
Fighting       | |  2.2
Long Blades    | |  2.6
Dodging        | |  2.5
Spellcasting   | |  2.2
Translocations | |  3.1

Action                   || total
-------------------------++-------
Melee: Falchion          ||    80
       Tailslap          ||     6
 Cast: Blink             ||     1
  Use: Potion            ||     1
 Stab: Sleeping          ||     2
  Eat: Chunk             ||     1
Armor: Skin              ||    21
Dodge: Dodged            ||    46
       Rpst.: Falchion   ||     9

Table legend:
 A = Non-vault XP
 B = Vault XP
 C = Vault XP percentage of total XP
 D = Non-vault monster count
 E = Vault monster count
 F = Vault count percentage of total count
                 A         B        C        D         E       F
            +---------+---------+-------+---------+---------+-------
      Total |      41 |       0 |   0.0 |      22 |       0 |   0.0
            +---------+---------+-------+---------+---------+-------
        D:1 |      36 |       0 |   0.0 |      18 |       0 |   0.0
        D:2 |       5 |       0 |   0.0 |       4 |       0 |   0.0
            +---------+---------+-------+---------+---------+-------
